 Dungeon Sprint DCSS version 0.22-a0-142-g91cc6d7 (webtiles) character file.

25 esc the Vexing (level 3, -9/19 HPs)
             Began as a Kobold Enchanter on Feb 5, 2018.
             Mangled by an ogre
             ... wielding a +0 giant spiked club
              (14 damage)
             ... in the Dungeon (Sprint I: "Red Sonja").
             The game lasted 00:00:48 (170 turns).

esc the Vexing (Kobold Enchanter)                    Turns: 170, Time: 00:00:49

Health: -9/19      AC:  2    Str:  5    XL:     3   Next: 17%
Magic:  9/9        EV: 15    Int: 16    God:
Gold:   0          SH:  0    Dex: 16    Spells: 10/11 levels left

rFire    . . .     SeeInvis .   a - +1 dagger
rCold    . . .     Gourm    .   (shield restricted)
rNeg     . . .     Faith    .   b - +0 robe
rPois    .         Spirit   .   (no helmet)
rElec    .         Reflect  .   (no cloak)
rCorr    .         Harm     .   (no gloves)
MR       .....     NoTele   +   (no boots)
Stlth    +++.......             (no amulet)
HPRegen  0.06/turn              (no ring)
MPRegen  0.11/turn              (no ring)

@: no status effects
A: small, carnivore
a: no special abilities


You were in the Dungeon.
You were not hungry.

You visited 1 branch

Inventory:

Hand Weapons
 a - a +1 dagger (weapon)
Armour
 b - a +0 robe (worn)
Scrolls
 j - a scroll of blinking {!r}
Potions
 e - a potion of curing
 f - a potion of heal wounds
 g - a potion of haste
 h - 2 potions of magic
Books
 c - a book of Maledictions
Comestibles
 d - a ration


   Skills:
 + Level 0.0 Fighting
 + Level 1.3 Short Blades
 + Level 2.4 Dodging
 + Level 4.0 Stealth
 + Level 4.5 Spellcasting
 + Level 5.0 Hexes


You had 10 spell levels left.
You knew the following spells:

 Your Spells              Type           Power        Failure   Level  Hunger
v - Corona                Hex            ###....      1%          1    None


Dungeon Overview and Level Annotations

Branches:
Dungeon (1/1)

Altars:


Innate Abilities, Weirdness & Mutations

You are small and have problems with some larger weapons.
You are carnivorous and can eat meat at any time.


Message History

Welcome, esc the Kobold Enchanter.
Found a staircase leading out of the dungeon.
You open the door.
Ijyb the Twisted Goblin comes into view.
Ijyb shouts!
Ijyb screams, "Die!"
There is an open door here.
Really quaff
i - a potion of berserk rage {!q}?
A red film seems to cover your vision as you go berserk!
You feel yourself moving faster!
You feel mighty!
You now have 15/15 hp.
You closely miss Ijyb. Ijyb barely misses you.
You closely miss Ijyb. Ijyb closely misses you.
You barely miss Ijyb. You barely miss Ijyb. Ijyb hits you but does no damage.
You closely miss Ijyb. Ijyb misses you.
You closely miss Ijyb. You hit Ijyb but do no damage. Ijyb misses you.
You hit Ijyb. You hit Ijyb but do no damage. Ijyb hits you.
You take 3 damage, and have 12/15 hp.
You closely miss Ijyb. Ijyb hits you.
You take 2 damage, and have 10/15 hp.
You closely miss Ijyb. You hit Ijyb. Ijyb hits you.
You take 3 damage, and have 7/15 hp.
Unknown command.
You barely miss Ijyb. You hit Ijyb. Ijyb barely misses you.
You hit Ijyb. Ijyb hits you but does no damage.
You puncture Ijyb! You puncture Ijyb!
You kill Ijyb!
Your Spellcasting skill gained 2 levels and is now at level 4!
Your Hexes skill gained 2 levels and is now at level 5!
You have reached level 2!
You have reached level 3!
Your experience leads to an increase in your attributes!
Your base attributes are Str 5, Int 16, Dex 15.
Increase (S)trength, (I)ntelligence, or (D)exterity?
You feel agile.
You regained 7 hp, and now have 14/28 hp.
Things that are here:
a runed chain mail; the goblin corpse of Ijyb You butcher the goblin corpse of Ijyb.
You feel a strong urge to attack something.
i - a chunk of flesh {@w0} You see here a runed chain mail.
You are no longer berserk.
You are exhausted.
You feel yourself slow down.
You now have 10/19 hp.
You start resting.
Eating a chunk of flesh {@w0}.
You eat the chunk of flesh {@w0}.
This raw flesh tastes great.
You feel yourself speed up.
You regained 2 hp, and now have 12/19 hp.
You regained 3 mp, and now have 6/9 mp.
You start resting.
You recover from your berserk rage.
You regained 2 mp, and now have 8/9 mp.
You start resting.
Health restored: 19; MP restored: 9 You open the door.
An ogre comes into view. It is wielding a giant spiked club.
There is an open door here.
The helpless ogre fails to defend itself.
You puncture the ogre!
The ogre hits you with a giant spiked club!
Ouch! That really hurt!
You take 11 damage, and have 8/19 hp.
MASSIVE DAMAGE!!
There is an open door here.
You don't know that spell.
Okay, then.
You hit the ogre but do no damage. The ogre closely misses you.
You hit the ogre. You hit the ogre. The ogre closely misses you.
You hit the ogre. You barely miss the ogre. The ogre completely misses you.
You hit the ogre.
The ogre hits you with a giant spiked club.
* * * LOW HITPOINT WARNING * * *
You take 3 damage, and have 5/19 hp.
You hit the ogre. You hit the ogre but do no damage.
The ogre hits you with a giant spiked club!
Ouch! That really hurt!
You die...

##########
#<.#..O..#
#..'[@#..+
#..#####+#
#..# #..#
#..# #⌠⌠#
####


You could see an ogre.

Vanquished Creatures
  Ijyb (D)
1 creature vanquished.

Notes
Turn   | Place    | Note
-------+----------+-------------------------------------------
     0 | D        | esc the Kobold Enchanter began the quest for the Orb.
     0 | D        | Reached XP level 1. HP: 10/10 MP: 3/3
     2 | D        | Noticed Ijyb
    20 | D        | Killed Ijyb
    20 | D        | Reached skill level 4 in Spellcasting
    20 | D        | Reached skill level 5 in Hexes
    20 | D        | Reached XP level 2. HP: 11/15 MP: 3/7
    20 | D        | Reached XP level 3. HP: 14/19 MP: 3/9
   157 | D        | Noticed an ogre
   170 | D        | Mangled by an ogre

Vault maps used:
D:        dungeon_sprint_1

Skill      XL: |  1 |
---------------+----+-----
Spellcasting   | 4 |  4.5
Hexes          | 5 |  5.0
Short Blades   | |  1.3
Dodging        | |  2.4
Stealth        | |  4.0

Action                   || total
-------------------------++-------
Melee: Dagger            ||    26
  Use: Potion            ||     1
 Stab: Sleeping          ||     1
  Eat: Chunk             ||     1
Armor: Robe              ||     2
Dodge: Dodged            ||     8

Table legend:
 A = Spawn XP
 B = Non-spawn XP
 C = Spawn XP percentage of total XP
 D = Spawn monster count
 E = Non-spawn monster count
 F = Spawn count percentage of total count
 G = Total turns spent on level
                    A         B        C        D         E        F      G
               +---------+---------+-------+---------+---------+-------+---------
         Total |       0 |      36 |   0.0 |       0 |       1 |   0.0 |   170
               +---------+---------+-------+---------+---------+-------+---------
             D |       0 |      36 |   0.0 |       0 |       1 |   0.0 |   170
               +---------+---------+-------+---------+---------+-------+---------

Vault maps used:
D:        dungeon_sprint_1

Table legend:
 A = Turns spent in this place as a percentage of turns spent in the entire game.
 B = Non-inter-level travel turns spent in this place as a percentage of non-inter-level travel turns spent in the entire game.
 C = Inter-level travel turns spent in this place as a percentage of turns spent in this place.
 D = Turns resting spent in this place as a percentage of non-inter-level travel turns spent in this place.
 E = Turns spent auto-exploring this place as a percentage of non-inter-level travel turns spent in this place.
 F = Non-inter-level travel turns spent in this place divided by the number of levels of this place that you've seen.
                   A       B       C       D       E      F
               +-------+-------+-------+-------+-------+----------------------
         Total | 100.0 | 100.0 |   0.0 |  77.6 |   0.0 | 170.0
       Dungeon | 100.0 | 100.0 |   0.0 |  77.6 |   0.0 | 170.0
               +-------+-------+-------+-------+-------+----------------------

Table legend:
 A = Kills in this place as a percentage of kills in entire the game.
 B = Kills by you in this place as a percentage of kills by you in the entire game.
 C = Kills by friends in this place as a percentage of kills by friends in the entire game.
 D = Other kills in this place as a percentage of other kills in the entire game.
 E = Experience gained in this place as a percentage of experience gained in the entire game.
 F = Experience gained in this place divided by the number of levels of this place that you have seen.
                   A       B       C       D       E      F
               +-------+-------+-------+-------+-------+----------------------
         Total | 100.0 | 100.0 |   N/A |   N/A | 100.0 |  36.0
       Dungeon | 100.0 | 100.0 |   N/A |   N/A | 100.0 |  36.0
               +-------+-------+-------+-------+-------+----------------------
